[Event "Championnat d'Europe Rapide"]
[Date "2024.12.07"]
[White "Saric, Ante"]
[Black "Brunner, Nicolas"]
[WhiteElo "2482"]
[BlackElo "2413"]
[Round "4.25"]
[Result "1-0"]
[TimeControl "900+10"]

1. Nf3 d5 2. e3 Nf6 3. c4 e6 4. b3 b6 5. Bb2 Bd6 6. cxd5 exd5 7. Nc3 a6 8. g3 O-O 9. Bg2 Bb7 10. O-O Re8 11. Rc1 Nbd7 12. d3 c5 13. d4 Bf8 14. dxc5 bxc5 15. Na4 Rc8 16. Rc2 Ne4 17. Nd2 Nd6 18. Nb1 Ne4 19. Nbc3 Ndf6 20. Nxe4 Nxe4 21. Nc3 Nf6 22. Rd2 Qa5 23. a3 Ne4 24. Nxe4 dxe4 25. Qc2 c4 26. b4 Qc7 27. Rc1 a5 28. Bh3 Rb8 29. b5 Bc8 30. Bxc8 Rexc8 31. a4 Bb4 32. Bc3 f5 33. Rcd1 Rb7 34. Qb2 Qe7 35. Rd5 g6 36. h4 h5 37. Kg2 Kh7 38. R1d4 Kh6 39. Qd2 Bxc3 40. Qxc3 Qb4 41. Qa1 Qb3 42. Rd8 Rxd8 43. Rxd8 c3 44. Rc8 Qb2 45. Qe1 c2 46. Qd2 1-0

[Site "Europe Echecs"]

[Event "Championnat d'Europe Rapide"]
[Date "2024.12.07"]
[White "Pantsulaia, Levan"]
[Black "Gatineau, Yovann"]
[WhiteElo "2522"]
[BlackElo "2363"]
[Round "4.26"]
[Result "1/2-1/2"]
[TimeControl "900+10"]

1. Nf3 c5 2.
c4 Nf6 3. g3 d5 4. cxd5 Nxd5 5. Bg2 Nc6 6. Nc3 Nc7 7. O-O e5 8. a3 Rb8 9. d3 Be7 10. Nd2 Bd7 11. Nc4 f6 12. f4 b5 13. Ne3 O-O 14. Ned5 Nxd5 15. Nxd5 Bd6 16. a4 b4 17. f5 Kh8 18. b3 Na5 19. Ra2 Rc8 20. g4 Be8 21. Ne3 Bf7 22. Nc4 Nxc4 23. dxc4 Qe7 24. Be4 Rcd8 25. Rd2 Bc7 26. Qc2 Rxd2 27.
Bxd2 Rd8 28.
Be3 h6 29.
h4 Kg8 30.
Kf2 Rd4 31.
Rg1 Kf8 32.
Rg2 Qd6 33.
Bxd4 exd4 34. Qd2 Qe5 35. Bf3 a5 36. g5 hxg5 37. hxg5 Qxf5 38. gxf6 Bf4 39.
fxg7+ Kg8 40. Qd3 Be3+ 41. Ke1 Qh3 42. Rg4 Qh2 43. Kd1 Qf2 44. Kc2 Qe1 45. Qd1 d3+ 46. exd3 Qc3+ 47. Kb1 Bd4 48.
Rxd4 Qxd4 49. Be4 Kxg7 50. Qd2 Kf6 51. Kc2 Ke7 52. Qg5+ Kf8 53. Kd1 Qf2 54. Qd2 Bh5+ 55. Kc2 Qxd2+ 56. Kxd2 Ke7 57.
Bg2 Kd6 58.
Bf1 Ke5 59.
Be2 Bg6 60.
Ke3 Bf5 61. Bh5 Bh7 62. Bf3 Bg6 63. Be4 Bh5 64. Kd2 Kd4 1/2-1/2

[Site "Europe Echecs"]

[Event "Championnat d'Europe Rapide"]
[Date "2024.12.07"]
[White "Kadric, Denis"]
[Black "Nevednichy, Vladislav"]
[WhiteElo "2544"]
[BlackElo "2451"]
[Round "4.27"]
[Result "1-0"]
[TimeControl "900+10"]

1. e4 e6 2.
d4 d5 3. e5 c5 4. c3 Nc6 5. Nf3 Qb6 6. Na3 cxd4 7. cxd4 Bb4+ 8. Bd2 Nge7 9. Nc2 Bxd2+ 10. Qxd2 Qxb2 11. Bd3 Qb6 12. O-O Qd8 13. Rab1 h6 14. Ne3 b6 15. Rfc1 Bd7 16. Rc3 Na5 17. Ba6 O-O 18. Ng4 Nf5 19. Bd3 Re8 20. Bxf5 exf5 21. Nf6+ gxf6 22. Qxh6 Re6 23. Nh4 f4 24. Nf5 Qf8 25. Qh4 Rxe5 26. Rh3 Qg7 27. Nxg7 Bxh3 28. dxe5 1-0

[Site "Europe Echecs"]

[Event "Championnat d'Europe Rapide"]
[Date "2024.12.07"]
[White "Veljanoski, Andrej"]
[Black "Cvitan, Ognjen"]
[WhiteElo "2304"]
[BlackElo "2413"]
[Round "4.28"]
[Result "0-1"]
[TimeControl "900+10"]

1. e4 c5 2.
Nf3 d6 3. d4 cxd4 4. Nxd4 Nf6 5. Nc3 a6 6. Be3 e5 7. Nb3 Be7 8. f3 Be6 9. Qd2 O-O 10. O-O-O Nbd7 11. g4 b5 12. g5 Nh5 13. Rg1 Nb6 14. Nd5 Bxd5 15. exd5 Rc8 16. Na5 Nxd5 17. Qxd5 Qxa5 18. Rg4 g6 19. Kb1 Nf4 20. Bxf4 exf4 21. h4 Rc5 22. Qe4 Re5 23. Qxf4 Re8 24. Bd3 Bf8 25. Rgg1 Bg7 26. a3 Qb6 27. h5 a5 28. h6 Bf8 29. Be4 d5 30. Bd3 b4 31. a4 b3 32. cxb3 Qxb3 33. Bb5 R8e6 34. Qd4 Qxf3 35. Qa7 Qe4+ 36. Ka1 Qb4 37. Qa8 Rf5 38. Rg2 d4 39. Rc2 Rxg5 40. Kb1 Re1 41. Rxe1 Qxe1+ 42. Rc1 Qb4 43. Rc4 Qb3 44. Rc1 d3 45. Bc4 Qxa4 46. Qe4 Qd7 47. Rf1 d2 48. Kc2 Rc5 49. b3 Bxh6 50. Kd1 Rxc4 51. Qxc4 Bg5 52. Qc5 Qd3 0-1

[Site "Europe Echecs"]

[Event "Championnat d'Europe Rapide"]
[Date "2024.12.07"]
[White "Boyer, Mahel"]
[Black "Djurovic, Peko"]
[WhiteElo "2526"]
[BlackElo "2253"]
[Round "4.29"]
[Result "1-0"]
[TimeControl "900+10"]

1. e4 c5 2.
Nf3 Nc6 3.
Bb5 e6 4. c3 d5 5. d3 Nge7 6. O-O a6 7. Ba4 b5 8. Bc2 Ng6 9. d4 cxd4 10.
exd5 Qxd5 11. cxd4 Bb7 12. Nc3 Qh5 13. d5 Rd8 14. Qe2 Nb4 15. dxe6 Nxc2 16. exf7+ Kxf7 17. Ng5+ Qxg5 18. Bxg5 Nd4 19. Qh5 Rd7 20. Rad1 Bc5 21. Be3 Bb6 22. Bxd4 Bxd4 23. Qf5+ 1-0

[Site "Europe Echecs"]

[Event "Championnat d'Europe Rapide"]
[Date "2024.12.07"]
[White "Santos Latasa, Jaime"]
[Black "Tweedie, Steven"]
[WhiteElo "2628"]
[BlackElo "2172"]
[Round "4.30"]
[Result "1-0"]
[TimeControl "900+10"]

1. Nf3 d5 2.
e3 Nf6 3. c4 e6 4. Nc3 Nbd7 5. b3 c6 6. Qc2 Bd6 7. Bb2 O-O 8. Be2 a6 9. d4 dxc4 10. bxc4 e5 11. O-O Qe7 12. c5 Bc7 13. h3 Re8 14. Bc4 h6 15. Rae1 b5 16. cxb6 Nxb6 17. dxe5 Nxc4 18.
exf6 gxf6 19. Ba1 Ne5 20. Nd4 a5 21. f4 Ng6 22. Nxc6 Qc5 23. Nd4 Ba6 24. Ne4 Qxc2 25. Nxf6+ Kf8 26. Nxc2 Rec8 27. Rf2 Bb6 28. Nd7+ 1-0

[Site "Europe Echecs"]

[Event "Championnat d'Europe Rapide"]
[Date "2024.12.07"]
[White "Sarana, Alexey"]
[Black "Nakonechnyi, Oleksii"]
[WhiteElo "2674"]
[BlackElo "2052"]
[Round "4.31"]
[Result "1-0"]
[TimeControl "900+10"]

1. d4 Nf6 2.
c4 e6 3. Nf3 Bb4+ 4. Bd2 Be7 5. Qc2 d5 6. cxd5 exd5 7. Nc3 O-O 8. Bf4 c6 9. e3 Nbd7 10. Bd3 Re8 11. O-O Nf8 12. h3 Ng6 13. Bg5 Ne4 14. Bxe7 Qxe7 15.
Rab1 Bf5 16.
b4 Nxc3 17.
Qxc3 Be4 18. Nd2 Qg5 19. Bxe4 dxe4 20. Qc5 f5 21. Kh2 Rad8 22. g3 Rd5 23. Qxa7 f4 24. Qxb7 fxg3+ 25. fxg3 Qxe3 26.
Qf7+ 1-0

[Site "Europe Echecs"]

[Event "Championnat d'Europe Rapide"]
[Date "2024.12.07"]
[White "Mamedov, Rauf"]
[Black "Kralevski, Aleksander"]
[WhiteElo "2656"]
[BlackElo "2028"]
[Round "4.32"]
[Result "1-0"]
[TimeControl "900+10"]

1. e4 e5 2.
Nf3 Nf6 3.
d4 Nxe4 4.
Bd3 d5 5.
Nxe5 Nd7 6.
Nc3 Nxc3 7.
bxc3 Nf6 8.
O-O Be7 9.
Rb1 O-O 10.
Re1 h6 11.
Qf3 c6 12.
h3 Re8 13.
c4 Rb8 14.
Nxc6 bxc6 15. Rxb8 Bd6 16. Rxe8+ Qxe8 17. Rxc8 Qxc8 18. c5 Be7 19. Qe2 Kf8 20. Bf4 Qb7 21. c3 Bd8 22. Bd6+ Be7 23. Bg3 g6 24. Kh2 h5 25. Bf4 Ng8 26. Qc2 Kg7 27. Qb3 Qd7 28. Qb8 Nf6 29. Be5 Kh7 30. a4 Ne8 31. a5 Bd8 32. a6 f6 33. Qb7 Bc7 34. Bxc7 Qxc7+ 35. g3 Kh6 36. Kg2 h4 37. Bc2 hxg3 38. fxg3 f5 39. Qxc7 Nxc7 40. Ba4 Nxa6 41.
Bxc6 Nc7 42. Kf3 g5 43. h4 a5 44. Bd7 Kg6 45. Ba4 Kf6 46. Bc6 Kg6 47. Bd7 Kf6 48. h5 g4+ 49. Kf4 a4 50. Bxa4 Ne6+ 51. Ke3 Kg5 52. Bd7 Nc7 53. h6 f4+ 54. gxf4+ Kxh6 55.
Bxg4 1-0

[Site "Europe Echecs"]

[Event "Championnat d'Europe Rapide"]
[Date "2024.12.07"]
[White "Zygouris, Hristos"]
[Black "Kuzubov, Yuriy"]
[WhiteElo "2163"]
[BlackElo "2595"]
[Round "4.33"]
[Result "0-1"]
[TimeControl "900+10"]

1. Nf3 d5 2.
g3 c5 3. Bg2 g6 4. c4 d4 5. e3 dxe3 6. fxe3 Bg7 7. d4 Nh6 8. Qa4+ Nd7 9. O-O O-O 10. d5 Nf5 11. Qc2 Nd6 12. a4 Nf6 13. Nfd2 Ng4 14. Ra3 f5 15. h3 Nf6 16. Nc3 e5 17. Nb5 e4 18. Rf2 h5 19. Nf1 h4 20. gxh4 Nh5 21. Bd2 Nf7 22. Bc3 Ne5 23. Bxe5 Bxe5 24. Nc3 Bd7 25. Ne2 Qxh4 26. a5 Rae8 27. Qd2 Bd6 28. Rb3 Bc8 29. Nf4 Nxf4 30.
exf4 g5 31.
Rg3 e3 32.
Rxe3 Bxf4 33. Rxf4 Qxf4 34. Rxe8 Rxe8 35. Qxf4 gxf4 36. Kf2 Kf7 37. Kf3 Re4 38. b3 Kf6 39. Kf2 Re8 40. Bf3 Bd7 41. h4 Rh8 42. h5 Be8 43. d6 b6 44. axb6 axb6 45. Nd2 Ke6 46. Nb1 Bxh5 47. Bd5+ Kxd6 48. Nc3 Bg4 49. Bg2 Ke5 50. Nd5 f3 51. Bf1 Rh6 52. Ke3 Rh1 53. Bd3 b5 54. Nf4 Re1+ 55. Kf2 Kxf4 56. Kxe1 Ke3 57. Bf1 f2# 0-1

[Site "Europe Echecs"]

[Event "Championnat d'Europe Rapide"]
[Date "2024.12.07"]
[White "Trapp, Maximilian"]
[Black "Quparadze, Giga"]
[WhiteElo "2050"]
[BlackElo "2537"]
[Round "4.34"]
[Result "0-1"]
[TimeControl "900+10"]

1. d4 Nf6 2. Nf3 e6 3. Bf4 c5 4. c3 Nc6 5. e3 d5 6. Nbd2 cxd4 7. exd4 Nh5 8. Bg3 g6 9. Be2 Bg7 10. O-O O-O 11. Re1 a6 12. Nb3 b6 13. Nc1 Nxg3 14. hxg3 f6 15. c4 Bb7 16. cxd5 Qxd5 17. Qb3 Nxd4 18. Qxb6 e5 19. Nb3 Nxe2+ 20. Rxe2 Bh6 21. Ree1 Qb5 22. Qe6+ Rf7 23. Rad1 Re8 24. Qh3 Kg7 25. Qh4 a5 26. Nbd2 Qxb2 27. Nc4 Qxa2 28. Nd6 Ree7 29.
Nxf7 Rxf7 30. Ra1 Qb3 31. Qa4 Qxa4 32. Rxa4 Bc6 33. Rc4 Be8 34. Rc8 Bd7 35. Ra8 a4 36. Rb1 Bc6 37. Ra6 Be4 38. Rb2 Bc1 39. Rb4 Bxf3 40. gxf3 a3 41. Rba4 h5 42. Kf1 Bb2 43. Ra7 g5 44. Kg2 Kg6 45. Rxf7 Kxf7 46. f4 exf4 47. gxf4 g4 48. f5 Ke7 49. Ra6 Kd7 50. Kg3 Kc7 51. Kh4 Kb7 52. Ra4 Kb6 53. Kxh5 Kb5 54.
Ra8 Kb4 55.
Kg6 Bc3 56.
Rb8+ Ka4 57.
Rc8 Kb3 58.
Rb8+ Ka2 59.
Rb7 Bd4 60.
Rb4 Bb2 61.
Rxg4 Kb1 62.
Ra4 a2 0-1

[Site "Europe Echecs"]

[Event "Championnat d'Europe Rapide"]
[Date "2024.12.07"]
[White "Bernadskiy, Vitaliy"]
[Black "Veleski, Robert"]
[WhiteElo "2546"]
[BlackElo "2093"]
[Round "4.35"]
[Result "1-0"]
[TimeControl "900+10"]

1. Nf3 g6 2.
e4 Bg7 3. d4 c5 4. c3 cxd4 5. cxd4 d5 6. e5 Nc6 7. Bb5 h5 8. Nc3 Nh6 9. h3 O-O 10. O-O Bf5 11. Be3 Be6 12. Bxc6 bxc6 13. Na4 Rb8 14. Nc5 Nf5 15. Bc1 Bc8 16. Re1 Qa5 17. Bd2 Qc7 18. Qc1 e6 19. g4 hxg4 20.
hxg4 Ne7 21.
Kg2 Qb6 22.
Bg5 Re8 23.
Bf6 Qc7 24.
Rh1 Bxf6 25.
exf6 Nf5 26.
gxf5 1-0

[Site "Europe Echecs"]

[Event "Championnat d'Europe Rapide"]
[Date "2024.12.07"]
[White "Kiratzopoulos, Efthimios"]
[Black "Mastrovasilis, Dimitrios"]
[WhiteElo "2193"]
[BlackElo "2537"]
[Round "4.36"]
[Result "0-1"]
[TimeControl "900+10"]

1. d4 d5 2.
Nf3 Nf6 3.
c3 c5 4. Bf4 Nc6 5. dxc5 e6 6. b4 a5 7. Qb3 Ne4 8. Nbd2 axb4 9. Nxe4 dxe4 10. Rd1 Qf6 11. Bg5 Qxc3+ 12. Nd2 Nd4 13. Qxc3 bxc3 14. e3 cxd2+ 15. Rxd2 Nc6 0-1

[Site "Europe Echecs"]

[Event "Championnat d'Europe Rapide"]
[Date "2024.12.07"]
[White "Balinski, Damian"]
[Black "Smeets, Jan"]
[WhiteElo "2203"]
[BlackElo "2552"]
[Round "4.37"]
[Result "0-1"]
[TimeControl "900+10"]

1. d4 d5 2.
c4 e6 3. Nc3 a6 4. cxd5 exd5 5. Nf3 c6 6. Qc2 Bd6 7. e4 dxe4 8. Nxe4 Nf6 9. Bd3 Nxe4 10.
Bxe4 Bb4+ 11. Kf1 h6 12. h3 Nd7 13. Bf4 O-O 14. a3 Ba5 15. g4 Nf6 16. Bd3 Nd5 17. Be5 Be6 18. g5 hxg5 19. h4 f6 20. hxg5 fxe5 21. Bh7+ Kf7 22. Nxe5+ Ke7 23. Qc5+ Qd6 24. Ng6+ Kd7 25. Ne5+ Kc7 26. Qxa5+ Nb6 27. Rd1 Rf4 28. Qc5 Raf8 29. Qxd6+ Kxd6 30. Rh2 Nc4 31. Nxc4+ Bxc4+ 32.
Kg1 Bd5 33.
Bd3 Bf3 34. Re1 Rxd4 35. Re3 Rg4+ 36. Kf1 Rxg5 37. Rh4 Bd5 38. Be4 Bc4+ 39. Ke1 Rg1+ 40. Kd2 Rxf2+ 41. Kc3 Rc1+ 42. Kb4 Rxb2+ 43.
Ka4 b6 44.
Bd3 Bb5+ 0-1

[Site "Europe Echecs"]

[Event "Championnat d'Europe Rapide"]
[Date "2024.12.07"]
[White "Zajic, Milan"]
[Black "Sivan, Yaacov"]
[WhiteElo "2392"]
[BlackElo "2273"]
[Round "4.38"]
[Result "1-0"]
[TimeControl "900+10"]

1. e4 c5 2. Nf3 Nc6 3. Bb5 g6 4. O-O Bg7 5. c3 Qb6 6. Na3 a6 7. Ba4 Qc7 8. d4 b5 9. Bc2 cxd4 10. cxd4 Nf6 11. e5 Nd5 12. Be4 e6 13. Bxd5 exd5 14. Bf4 Nd8 15. Rc1 Qb6 16. Qd2 Ne6 17. Nc2 a5 18. Bh6 O-O 19. Bxg7 Kxg7 20. Ne3 h5 21. Nxd5 Qd8 22. Nc3 d6 23. exd6 Qxd6 24. d5 Nf4 25. Ne4 Qb8 26. d6 Ne6 27. Rfe1 Bd7 28. Ne5 Ra7 29. Rc7 Rd8 30. Qc3 Kh6 31.
Nxf7+ 1-0

[Site "Europe Echecs"]

[Event "Championnat d'Europe Rapide"]
[Date "2024.12.07"]
[White "Sramek, Vojtech"]
[Black "Dragnev, Valentin"]
[WhiteElo "2259"]
[BlackElo "2563"]
[Round "4.39"]
[Result "0-1"]
[TimeControl "900+10"]

1. e4 c6 2.
d4 d5 3.
exd5 cxd5 4.
c4 Nf6 5.
Nc3 g6 6.
cxd5 Bg7 7.
Bb5+ Nbd7 8.
d6 O-O 9.
dxe7 Qxe7+ 10. Nge2 a6 11. Bd3 b5 12. a3 Bb7 13. O-O Rac8 14. f3 Nb6 15. Bg5 Nc4 16. Bxc4 Rxc4 17. Qd2 Qd7 18. Rad1 Re8 19. Bh4 a5 20. b3 Rcc8 21. Bf2 Bf8 22. Qb2 Qe7 23. Ng3 Qxa3 24. Qxa3 Bxa3 25. Nxb5 Bb4 26. Rc1 Ba6 27. Na7 Ra8 28. Nc6 Bxf1 29. Nxb4 axb4 30. Nxf1 Ra3 31. Nd2 Re2 32. Bh4 Kg7 33. Nc4 Raa2 34. Bg3 Nd5 35. Ne5 Rxg2+ 36. Kh1 Rgd2 37. Ng4 h5 38. Be5+ f6 39. Nxf6 Nxf6 40. Rc7+ Kg8 41. Rc8+ Kf7 42. Rc7+ Nd7 43. Rxd7+ Ke8 44. Rh7 Rd1# 0-1

[Site "Europe Echecs"]

[Event "Championnat d'Europe Rapide"]
[Date "2024.12.07"]
[White "Radeva, Viktoria"]
[Black "Schneider, Ilja"]
[WhiteElo "2275"]
[BlackElo "2414"]
[Round "4.40"]
[Result "1-0"]
[TimeControl "900+10"]

1. e4 c6 2.
d4 d5 3. Nc3 a6 4. h3 g6 5. Nf3 Bg7 6. e5 Bf5 7. Be2 b5 8. a3 f6 9. Bf4 Nd7 10. Qd2 fxe5 11. dxe5 Qc7 12. e6 Ne5 13. Ng5 O-O-O 14. Nf7 d4 15. Na2 Bxe6 16.
Nxd8 Qxd8 17. Nb4 Qb6 18. Bxe5 Bxe5 19. O-O Nf6 20. Bf3 c5 21. Rfe1 Bc7 22. Nc6 Bd7 23. Nxe7+ Kb8 24. Qg5 Qd6 25. g3 Bd8 26. Qe5 Qxe5 27. Rxe5 Bc7 28. Re2 Bxh3 29. b4 Bd6 30. Nc6+ Kc7 31. bxc5 Bxc5 32. a4 Bd7 33. Ne5 Bf5 34. axb5 axb5 35. g4 Bc8 36. g5 Ne8 37. Nd3 Bb6 38. Re7+ Kd6 39. Rae1 Bd7 40. Kg2 Nc7 41. Rf7 Ne6 42. Rxd7+ Kxd7 43. Bg4 Bd8 44. Rxe6 Kc7 45.
f4 Rf8 46.
Kg3 Kb8 47.
Ne5 Kc7 48.
Rc6+ Kb7 49.
Bc8+ Ka7 50.
Ra6+ Kb8 51.
Nd7+ 1-0

[Site "Europe Echecs"]

[Event "Championnat d'Europe Rapide"]
[Date "2024.12.07"]
[White "Samunenkov, Ihor"]
[Black "Stoinev, Metodi"]
[WhiteElo "2543"]
[BlackElo "2132"]
[Round "4.41"]
[Result "1-0"]
[TimeControl "900+10"]

1. d4 d5 2.
c4 e6 3. Nc3 Nf6 4. cxd5 exd5 5. Bg5 Nbd7 6. e3 c6 7. Bd3 Be7 8. Nf3 O-O 9. O-O Re8 10. Qc2 Nf8 11. h3 Bd6 12. Rae1 Be6 13. Ne5 Rc8 14. f4 Bd7 15. Nxd7 Qxd7 16.
Bxf6 gxf6 17. Bf5 Ne6 18. Qf2 Bf8 19. Qh4 h6 20. Ne2 Bg7 21. Ng3 Qe7 22. Nh5 Rc7 23. Rd1 Nf8 24. Rf3 Ng6 25. Qg4 Kh8 26. Nxg7 Kxg7 27. Rg3 h5 28. Qxh5 Rh8 29.
Qg4 Rh6 30.
h4 Qf8 31.
h5 Qh8 32. hxg6 Rh4 33. Qf3 Re7 34. Kf2 1-0

[Site "Europe Echecs"]

[Event "Championnat d'Europe Rapide"]
[Date "2024.12.07"]
[White "Alienkin, Aleksander"]
[Black "Aliyev, Elnur"]
[WhiteElo "2337"]
[BlackElo "2079"]
[Round "4.42"]
[Result "1/2-1/2"]
[TimeControl "900+10"]

1. d4 Nf6 2.
Nf3 e6 3. c4 d5 4. g3 Nc6 5. Bg2 Rb8 6. Nbd2 Be7 7. O-O O-O 8. b3 b5 9. cxd5 exd5 10. Bb2 a5 11. Rc1 Rb6 12. Ne5 Qe8 13. Qc2 Bb7 14. Rfe1 Bd6 15. f4 a4 16. bxa4 bxa4 17. Bc3 Nb4 18. Bxb4 Rxb4 19. e3 Ba6 20. Bf1 Qa8 21. Rb1 Rc8 22. Nc6 Rb6 23. Rec1 Bc4 24. Ne5 Rxb1 25. Rxb1 Bxf1 26. Nxf1 c5 27. dxc5 Bxc5 28. Qd3 h5 29. h3 Rb8 30. Rxb8+ Qxb8 31. Qc2 Qb6 32. Kf2 d4 33. Nc4 dxe3+ 34. Nfxe3 Qe6 35. Qxa4 Qxh3 36. Qa8+ Kh7 37. Qc6 Ng4+ 38. Ke2 Bxe3 39. Qe4+ g6 40. Nxe3 Qxg3 41.
Nxg4 Qxg4+ 42. Kf2 h4 43. Qc4 Qg3+ 44. Ke2 Qg2+ 45. Ke3 Qg1+ 46. Kf3 Qd1+ 47. Kg2 Qg4+ 48. Kf2 Kg8 49. Qe4 Qg3+ 50. Kf1 Qh3+ 51. Kf2 Qh2+ 52. Kf1 Qxa2 53. Qe8+ Kh7 54. Qe7 Qc4+ 55. Kg2 Qxf4 56. Qf8 g5 57. Qe8 g4 58. Qd7 h3+ 59. Kg1 Qg3+ 60. Kf1 Qg2+ 61. Ke1 Qf3 62. Qd6 g3 63. Qd3+ Qxd3 1/2-1/2

[Site "Europe Echecs"]

[Event "Championnat d'Europe Rapide"]
[Date "2024.12.07"]
[White "Saraci, Nderim"]
[Black "Trajkovski, Mile"]
[WhiteElo "2431"]
[BlackElo "1910"]
[Round "4.43"]
[Result "1-0"]
[TimeControl "900+10"]

1. d4 Nf6 2.
Nf3 c5 3. e3 d5 4. dxc5 Nc6 5. a3 a5 6. Nc3 Bg4 7. Be2 a4 8. b4 axb3 9. cxb3 Qa5 10. Bb2 Qxc5 11. b4 Qd6 12. Nb5 Qd7 13. Ne5 Nxe5 14.
Bxe5 Bxe2 15. Qxe2 Rc8 16. O-O Rc4 17. Nc7+ Rxc7 18. Bxc7 Qxc7 19. Rfc1 Qd7 20. Qc2 g6 21. Qc8+ Qxc8 22. Rxc8+ Kd7 23. Rac1 Bg7 24. R8c7+ Kd6 25. Rxb7 Ra8 26. b5 Rxa3 27. Rc6+ Ke5 28. Rxe7+ Kf5 29. h3 Kg5 30. Rxf7 Ra1+ 31. Kh2 Nh5 32. g4 Be5+ 33. Kg2 Nf6 34. f4+ Kh4 35. Rcxf6 1-0

[Site "Europe Echecs"]

[Event "Championnat d'Europe Rapide"]
[Date "2024.12.07"]
[White "Galuszka, Tomasz"]
[Black "Papasimakopoulos, Alexandros"]
[WhiteElo "2174"]
[BlackElo "2379"]
[Round "4.44"]
[Result "1-0"]
[TimeControl "900+10"]

1. e4 e6 2. d4 d5 3. Nd2 Nf6 4. e5 Nfd7 5. f4 c5 6. c3 a5 7.
Ndf3 a4 8.
Bd3 b5 9.
Ne2 a3 10.
O-O axb2 11.
Bxb2 g6 12.
Bxb5 Ba6 13.
c4 dxc4 14.
Bxa6 Nxa6 15. d5 Nb4 16. dxe6 fxe6 17. Ng5 Qb6 18. f5 gxf5 19. Nf4 O-O-O 20. Nf7 Be7 21. Nxd8 Rxd8 22. Qe2 Qa6 23. Bc3 Nd3 24. Rad1 Nxf4 25. Rxf4 Nb6 26. Rxd8+ Bxd8 27. Rf3 Nd5 28. Qb2 Qa4 29. Rf1 Bc7 30. Rb1 Qc6 31. Bd2 Kd7 32. h3 h5 33. Rc1 Qa4 34. Bc3 Kc8 35. Qe2 h4 36. Be1 c3 37. Bxc3 Qf4 38. Qd2 Bxe5 39. Qxf4 Bxf4 40. Rc2 Kd7 41. Be1 Bg5 42. Bf2 e5 43. Bxc5 e4 44. a4 Bd8 45. Bd4 f4 46. a5 Nb4 47. Rc4 Na6 48. Bb6 Be7 49. Rxe4 Bd6 50. Bf2 Bc7 51. Bxh4 Nc5 52. Rc4 Na6 53. Be1 Nb8 54. Bd2 Na6 55. Bxf4 Bxa5 56. g4 Nb4 57. Kg2 Nd5 58.
Kf3 Ne7 59.
h4 Ke6 60.
Ke4 Ng6 61.
Rc6+ Kf7 62. Bg5 Nf8 63. Ra6 Bc3 64. h5 Ne6 65. Ra7+ Kg8 66. Kf5 Nf8 67. Bf6 1-0

[Site "Europe Echecs"]

[Event "Championnat d'Europe Rapide"]
[Date "2024.12.07"]
[White "Savanovic, Aleksandar"]
[Black "Tisma, Ivan"]
[WhiteElo "2354"]
[BlackElo "1967"]
[Round "4.45"]
[Result "1-0"]
[TimeControl "900+10"]

1. e4 c5 2.
Nf3 d6 3. d4 cxd4 4. Nxd4 Nf6 5. Nc3 a6 6. Bg5 Nbd7 7. Bc4 g6 8. Qe2 Bg7 9. O-O-O O-O 10. Kb1 Qc7 11. Nd5 Nxd5 12.
exd5 Nf6 13.
Rhe1 Re8 14.
Bb3 Bd7 15.
h3 Qa5 16.
f4 Rac8 17.
g4 Bb5 18.
Nxb5 axb5 19. h4 h6 20. Bxf6 Bxf6 21. g5 hxg5 22. hxg5 Bg7 23. Qe4 Qb6 24. f5 Be5 25. fxg6 Kg7 26. gxf7 Rh8 27. Qf5 Rcf8 28.
Rxe5 dxe5 29. Qxe5+ Kg6 30. d6 Qf2 31. dxe7 Rxf7 32. Bxf7+ Qxf7 33. Qxh8 1-0

[Site "Europe Echecs"]

[Event "Championnat d'Europe Rapide"]
[Date "2024.12.07"]
[White "Lauda, Alexandr"]
[Black "Aizenberg, Benny"]
[WhiteElo "2255"]
[BlackElo "2425"]
[Round "4.46"]
[Result "0-1"]
[TimeControl "900+10"]

1. e4 c5 2.
Nf3 d6 3. d4 cxd4 4. Nxd4 Nf6 5. Nc3 a6 6. Be2 e5 7. Nb3 Be7 8. O-O O-O 9. Kh1 b5 10. a4 b4 11. Nd5 Bb7 12. Nxe7+ Qxe7 13. f3 a5 14. Be3 Nbd7 15. Bb5 Rfc8 16. Rf2 d5 17. Bxd7 Qxd7 18. Nc5 Qe7 19. Nxb7 Qxb7 20. Bg5 Qb6 21. Rd2 d4 22. Qe1 Ne8 23. f4 f6 24. Bh4 Nd6 25. b3 Rc3 26. fxe5 fxe5 27. Re2 Rac8 28. Qf2 Rf8 29. Qe1 Qc6 30. Be7 Rc8 31. Bxd6 Qxd6 32. Qf2 Qf6 33. Qg1 Rxc2 34. Rf1 Qh4 35. Rxc2 Rxc2 36. Rc1 Qxe4 37. Re1 Re2 38. Rc1 h6 39. h3 d3 40. Qc5 Qxg2# 0-1

[Site "Europe Echecs"]

[Event "Championnat d'Europe Rapide"]
[Date "2024.12.07"]
[White "Malicka, Maria"]
[Black "Stefanova, Antoaneta"]
[WhiteElo "2206"]
[BlackElo "2418"]
[Round "4.47"]
[Result "1/2-1/2"]
[TimeControl "900+10"]

1. e4 e5 2.
Nf3 Nc6 3.
Bb5 a6 4.
Ba4 Nge7 5. Nc3 d6 6. O-O Bd7 7. Re1 Ng6 8. Nd5 b5 9. Bb3 Na5 10. c3 c6 11. Ne3 Nxb3 12. axb3 Be7 13. d4 O-O 14. Nf5 a5 15. dxe5 dxe5 16.
Nxe7+ Qxe7 17. Bg5 f6 18. Be3 Rfb8 19. Qc2 Be6 20. Nd2 Qf7 21. b4 a4 22. Bc5 Nf4 23. Be3 g5 24. g3 Ng6 25. Bc5 Kg7 26. Nf1 Rd8 27. Ne3 Nh8 28. Rad1 Qh5 29. Rxd8 Rxd8 30. Rd1 Rxd1+ 31. Qxd1 Qxd1+ 32. Nxd1 Bg4 33. Ne3 Bf3 34. Nf5+ Kf7 35. Nd6+ Ke6 36. Kf1 Nf7 37. Nxf7 Kxf7 38. Ke1 Ke6 39. Kd2 Bxe4 40. Ke3 Bb1 41. Bb6 g4 42. Bd8 f5 43. Bc7 Be4 44. Bb8 Kd5 45. Bc7 Bg2 46. Bb8 Be4 47. Bc7 h5 48. Bb8 h4 49. gxh4 f4+ 50. Kd2 Bg6 51. Bc7 Ke4 52. Ke2 Bf7 53. Bd6 Bh5 54. Kd2 Kf5 55. Bc7 Bf7 56. Kd3 Bg6 57. Kd2 Ke4 58. Ke2 Be8 59. Bb8 Bf7 60. Bc7 Kf5 61. Kd3 Bc4+ 62. Kd2 Bf7 63. Kd3 Bc4+ 64. Kd2 Bf7 65. Kd3 1/2-1/2

[Site "Europe Echecs"]

[Event "Championnat d'Europe Rapide"]
[Date "2024.12.07"]
[White "Costachi, Mihnea"]
[Black "Iskos, Alexandros"]
[WhiteElo "2464"]
[BlackElo "2132"]
[Round "4.48"]
[Result "1-0"]
[TimeControl "900+10"]

1. d4 Nf6 2. c4 e6 3. Nf3 d5 4. Nc3 a6 5. cxd5 exd5 6. Bg5 Be7 7. Qc2 h6 8. Bh4 O-O 9. e3 Re8 10. Bd3 c6 11. O-O Ne4 12. Bxe7 Qxe7 13. Bxe4 dxe4 14. Nd2 f5 15. Nc4 Be6 16. Nb6 Ra7 17. Nca4 Nd7 18. a3 a5 19. Nxd7 Qxd7 20.
Rac1 Qd5 21.
Qe2 Qb5 22.
Qd1 Bb3 23.
Nc3 Qc4 24.
Qd2 Qe6 25.
Ne2 g5 26.
Ng3 Bd5 27.
Ne2 b5 28.
Rc5 a4 29.
Nc3 Rd7 30.
Rc1 Bc4 31.
Nxa4 Rd5 32.
Rxd5 cxd5 33. Nc5 Qf7 34. b3 Bd3 35. Nxd3 exd3 36. Qxd3 f4 37. exf4 gxf4 38.
Qxb5 f3 39.
g3 Qe6 40.
a4 Rd8 41.
a5 Qh3 42.
Qf1 Qg4 43.
Qd3 Rf8 44.
a6 Qh3 45.
Qf1 Qe6 1-0

[Site "Europe Echecs"]

[Event "Championnat d'Europe Rapide"]
[Date "2024.12.07"]
[White "Mcgowan, Daniel"]
[Black "Vuckovic, Zarko"]
[WhiteElo "2089"]
[BlackElo "2334"]
[Round "4.49"]
[Result "0-1"]
[TimeControl "900+10"]

1. e4 c5 2.
Nf3 e6 3. b3 Nc6 4. Bb2 d6 5. Nc3 Nf6 6. Bb5 e5 7. h3 Be7 8. O-O O-O 9. Re1 a6 10. Bf1 Re8 11. Nb1 Bf8 12. c3 b6 13. d3 h6 14. Nbd2 Bb7 15. Nc4 Qc7 16. Ne3 Rad8 17. Qc2 d5 18. exd5 Nxd5 19. Rad1 Nf4 20. g3 Ne6 21. Bg2 g6 22. Ng4 Bg7 23. Qc1 h5 24. Ngh2 Re7 25. a3 Red7 26. Qe3 a5 27. Bf1 Kh7 28. Ng5+ Nxg5 29. Qxg5 Bh6 30. Qh4 Ne7 31. g4 Rg8 32. Bc1 Bxc1 33.
Rxc1 Kg7 34.
d4 exd4 35.
cxd4 Rh8 36.
dxc5 bxc5 37. Qg5 Nd5 38. Bg2 f6 39. Qh4 Nf4 40. Qg3 Bxg2 41. gxh5 Rxh5 42. Ng4 Rxh3 0-1

[Site "Europe Echecs"]

[Event "Championnat d'Europe Rapide"]
[Date "2024.12.07"]
[White "Djukic, Sandra"]
[Black "Koelle, Tobias"]
[WhiteElo "2080"]
[BlackElo "2437"]
[Round "4.50"]
[Result "0-1"]
[TimeControl "900+10"]

1. d4 Nf6 2. c4 e6 3. Nc3 Bb4 4. Bd2 O-O 5. a3 Bxc3 6. Bxc3 b6 7. Nf3 Bb7 8. e3 Ne4 9. Qc2 Nxc3 10. Qxc3 d6 11. Be2 Nd7 12. O-O a5 13. b3 f5 14. Nd2 Qh4 15. Bf3 Bxf3 16. Nxf3 Qh5 17. c5 bxc5 18. dxc5 Nxc5 19. b4 Na6 20. Qc6 Qe8 21. Nd4 Qxc6 22. Nxc6 a4 23. Rac1 Kf7 24. Rc3 Ke8 25. Rd1 Rf7 26. f4 Rd7 27. Rdc1 h6 28. Kf2 g5 29. g3 Rg7 30. Rd1 Kd7 31. b5 Nb8 32. Rd4 Nxc6 33. bxc6+ Ke7 34. Rb4 d5 35. Ke2 Kd6 36. Kd3 Rgg8 37. fxg5 hxg5 38. g4 Rgb8 39. Rxb8 Rxb8 40. gxf5 exf5 41. Kd4 Rb2 42. h3 Rd2+ 0-1

[Site "Europe Echecs"]